 Dungeon Crawl Stone Soup version 0.27.1-2-g3b301248ec (webtiles) character file.

Game seed: 7639530000636561987

350 Metae the Chopper (level 6, -5/55 HPs)
             Began as a Hill Orc Fighter on Sept 28, 2021.
             Was an Initiate of Okawaru.
             Slain by Pikel (6 damage)
             ... on level 3 of the Dungeon.
             The game lasted 00:18:16 (6566 turns).

Metae the Chopper (Hill Orc Fighter)                Turns: 6566, Time: 00:18:17

Health: -5/55      AC:  9    Str: 21    XL:     6   Next: 61%
Magic:  7/7        EV:  9    Int:  8    God:    Okawaru [......]
Gold:   296        SH:  9    Dex: 10    Spells: 5/5 levels left

rFire    + . .     SeeInvis .   a - +0 war axe
rCold    + . .     Faith    .   c - +0 kite shield
rNeg     . . .     Spirit   .   p - +0 chain mail
rPois    +         Reflect  .   (no helmet)
rElec    +         Harm     .   (no cloak)
rCorr    +         Rampage  .   (no gloves)
Will     .....                  (no boots)
Stlth    ..........             o - amulet of magic regeneration
HPRegen  0.18/turn              q - +4 ring of evasion
MPRegen  0.35/turn              (no ring)

@: resistant
A: no striking features
a: Renounce Religion


You were on level 3 of the Dungeon.
You worshipped Okawaru.
Okawaru was noncommittal.
You visited 2 branches of the dungeon, and saw 5 of its levels.

You collected 296 gold pieces.

Inventory:

Hand Weapons
 a - a +0 war axe (weapon)
Armour
 b - a +0 scale mail
 c - a +0 kite shield (worn)
 p - a +0 chain mail (worn)
Jewellery
 o - an amulet of magic regeneration (around neck)
 q - a +4 ring of evasion (left hand)
Wands
 n - a wand of flame (14)
Scrolls
 e - a scroll of teleportation {unknown}
 f - a scroll of vulnerability {unknown}
 h - 4 scrolls of noise {unknown}
 i - a scroll of fear {unknown}
 j - 2 scrolls of identify {unknown}
 r - a scroll of acquirement {unknown}
Potions
 d - a potion of might
 g - a potion of resistance
 k - 2 potions of attraction {unknown}
 l - a potion of haste {unknown}
 m - 2 potions of heal wounds {unknown}


   Skills:
 + Level 4.8 Fighting
 + Level 5.1 Axes
 + Level 4.5 Armour
 - Level 0.6 Dodging
 - Level 0.1 Stealth
 + Level 4.3 Shields
 + Level 2.0 Invocations
 + Level 1.5 Evocations


You had 5 spell levels left.
You didn't know any spells.
Your spell library contained the following spells:

 Spells                   Type           Power      Damage    Failure   Level
 Animate Dead             Necr           0%         N/A       100%        4
 Haunt                    Necr/Summ      0%         N/A       100%        7
 Infestation              Necr           0%         N/A       100%        8


Dungeon Overview and Level Annotations

Branches:
Dungeon (4/15)             Temple (1/1) D:4

Altars:
Ashenzari
Cheibriados
Dithmenos
Hepliaklqana
Kikubaaqudgha
Nemelex Xobeh
Okawaru
Qazlal
Uskayaw
Wu Jian
Xom
The Shining One

Annotations:
D:3 Pikel
D:4 Robin


Message History

Pikel is lightly wounded.
Pikel hits you with a +0 whip of flaming.
Pikel burns you.
You hit Pikel.
Pikel is moderately wounded.
Pikel hits you with a +0 whip of flaming!
Pikel burns you.
You slash Pikel!
Pikel is heavily wounded.
You block Pikel's attack.
Pikel hits you with a +0 whip of flaming.
Pikel burns you.
* * * LOW HITPOINT WARNING * * *
You slash Pikel!
Pikel is severely wounded.
Pikel barely misses you.
Your shield and chain mail prevent you from hitting Pikel.
Pikel is severely wounded.
Pikel barely misses you. Pikel hits you but does no damage.
You barely miss Pikel.
Pikel is severely wounded.
You block Pikel's attack.
You slash Pikel!
Pikel is almost dead.
Pikel hits you with a +0 whip of flaming!
* * * LOW HITPOINT WARNING * * *
Pikel burns you.
* * * LOW HITPOINT WARNING * * *
Pikel hits you but does no damage.
It was a potion of resistance.
You feel protected. Pikel hits you but does no damage.
You closely miss Pikel.
Pikel is almost dead.
Pikel hits you with a +0 whip of flaming.
* * * LOW HITPOINT WARNING * * *
You hit Pikel but do no damage.
Pikel is almost dead.
Pikel hits you with a +0 whip of flaming.
You die...

#######....###...#
####.....#.# ####
##....#.# ...#
##...#.# ...#
#####...#.# ...#
#.........# ####
#.........#
########.........#
...[............@#
########.......K)# #
#.........## #
#>.........# #
#..........# ######
######.###.#
.....########.#
#.######
####..........#
#.#....# #
#########..###.#....#


You could see Pikel.

Vanquished Creatures
  An ogre (D:4)
  2 lemures
  A scorpion (D:4)
  A hound (Temple)
  2 iguanas
  Jessica (D:3)
  2 adders
  A worm (D:3)
  An orc (D:4)
  5 ball pythons
  7 endoplasms
  3 giant cockroaches
  16 goblins
  11 hobgoblins
  2 quokkas
  6 bats
  A frilled lizard (D:3)
  8 kobolds
  5 rats
76 creatures vanquished.

Notes
Turn   | Place    | Note
-------+----------+-------------------------------------------
     0 | D:1      | Metae the Hill Orc Fighter began the quest for the Orb.
     0 | D:1      | Reached XP level 1. HP: 19/19 MP: 1/1
   181 | D:1      | Reached XP level 2. HP: 24/27 MP: 2/2
   224 | D:1      | Reached skill level 3 in Axes
  1089 | D:2      | Reached XP level 3. HP: 33/33 MP: 3/3
  2666 | D:3      | Reached XP level 4. HP: 38/40 MP: 4/4
  2676 | D:3      | Reached skill level 4 in Axes
  3027 | D:3      | Noticed Jessica
  3033 | D:3      | Killed Jessica
  3321 | D:4      | Found a staircase to the Ecumenical Temple.
  3332 | Temple   | Entered the Ecumenical Temple
  3418 | Temple   | Became a worshipper of Warmaster Okawaru
  3442 | D:4      | Noticed a lemure
  3461 | D:4      | HP: 2/40 [hound (4)]
  3470 | Temple   | Reached XP level 5. HP: 4/46 MP: 5/5
  4167 | D:4      | Killed a lemure
  4490 | D:4      | Noticed Pikel
  4490 | D:4      | Noticed a lemure
  4490 | D:4      | Noticed a lemure
  4490 | D:4      | Noticed a lemure
  4715 | D:4      | Noticed an ogre
  4737 | D:4      | Killed an ogre
  4738 | D:4      | Reached skill level 1 in Invocations
  4738 | D:4      | Reached skill level 1 in Evocations
  4983 | D:2      | Reached XP level 6. HP: 13/53 MP: 5/7
  5726 | D:4      | Reached skill level 5 in Axes
  6315 | D:4      | Found a hazy altar of Hepliaklqana.
  6493 | D:4      | Noticed Robin
  6565 | D:3      | HP: 1/55 [Pikel (4)]
  6566 | D:3      | Slain by Pikel

Illustrated notes

Levels and vault maps discovered:
D:1:      dpeg_arrival_tiny_a, layout_basic
D:2:      layout_basic
D:3:      layout_rooms, kennysheep_generic_room_13, uniq_jessica
D:4:      layout_gridville, amcnicky_altar_gilded, minmay_temple_entry_slanted,
          uniq_pikel, uniq_robin
Temple:   jpeg_temple_clearing

Skill      XL: |  1  2  3  4  5  6 |
---------------+-------------------+-----
Axes           | 3 4 5 |  5.1
Fighting       | 4 |  4.8
Armour         | 4 |  4.5
Shields        | 4 |  4.3
Invocations    | 1 2 |  2.0
Evocations     | 1 |  1.5
Dodging        | |  0.6
Stealth        | |  0.1

Action                   |  1- 3 |  4- 6 || total
-------------------------+-------+-------++-------
Melee: War axe           |   116 |   158 ||   274
Evoke: Wand              |       |     2 ||     2
  Use: Potion            |       |     1 ||     1
Armor: Scale mail        |    72 |    39 ||   111
       Chain mail        |       |    51 ||    51
Dodge: Dodged            |    46 |    66 ||   112
Block: Kite shield       |    69 |   122 ||   191
